 Dungeon Crawl Stone Soup version 0.29.1-12-g30fa7ad0bf (webtiles) character file.

Game seed: 2712780256979335916

29 wormed the Covered (level 3, -3/23 HPs)
             Began as a Gargoyle Fighter on Dec 21, 2022.
             Slain by a worm (8 damage)
             ... on level 2 of the Dungeon.
             The game lasted 00:01:02 (964 turns).

wormed the Covered (Gargoyle Fighter)                Turns: 964, Time: 00:01:02

Health: -3/23      AC: 10    Str: 21    XL:     3   Next: 16%
Magic:  3/3        EV:  9    Int:  8    God:
Gold:   102        SH:  4    Dex:  9    Spells: 2/2 levels left

rFire   . . .      SeeInvis .   a - +0 flail
rCold   . . .      Faith    .   c - +0 buckler
rNeg    + . .      Spirit   .   b - +0 scale mail
rPois   ∞          Reflect  .   (no helmet)
rElec   +          Harm     .   (no cloak)
rCorr   .          Rampage  .   (no gloves)
Will    .....                   (no boots)
Stlth   ..........              (no amulet)
HPRegen 0.07/turn               (no ring)
MPRegen 0.08/turn               (no ring)

@: no status effects
A: sickness immunity, AC +3, negative energy resistance 1, electricity
resistance, torment resistance 1, petrification resistance
a: no special abilities


You were on level 2 of the Dungeon.
You visited 1 branch of the dungeon, and saw 2 of its levels.

You collected 102 gold pieces.

Inventory:

Hand Weapons
 a - a +0 flail (weapon)
Armour
 b - a +0 scale mail (worn)
 c - a +0 buckler (worn)
Scrolls
 e - 3 scrolls of identify {unknown}
 f - a scroll of magic mapping {unknown}
 i - a scroll of vulnerability {unknown}
 j - a scroll of teleportation {unknown}
Potions
 d - 3 potions of might
 g - a potion of heal wounds {unknown}
 h - a potion of invisibility {unknown}


   Skills:
 + Level 3.5 Fighting
 * Level 2.7 Maces & Flails
 + Level 3.6 Armour
 + Level 3.5 Shields


You had 2 spell levels left.
You didn't know any spells.
Your spell library contained the following spells:

 Spells                   Type           Power      Damage    Failure   Level
 Shock                    Conj/Air       0%         1d3       83%         1
 Swiftness                Air            0%         N/A       99%         3
 Airstrike                Air            0%         2d(0-16)  100%        4


Dungeon Overview and Level Annotations

Branches:
Dungeon (2/15)

Altars:


Innate Abilities, Weirdness & Mutations

You are immune to sickness and miasma.
Your stone body is resilient. (AC +3)
You are immune to poison.
You resist negative energy. (rN+)
You are resistant to electric shocks. (rElec)
You are resistant to unholy torment.
You are immune to petrification.


Message History

The worm bites you but does no damage. The giant cockroach barely misses you.
You barely miss the worm.
The worm is severely wounded.
The giant cockroach bites you but does no damage.
The worm bites you! The giant cockroach bites you.
* * * LOW HITPOINT WARNING * * *
You are too injured to fight recklessly!
You are too injured to fight recklessly!
You are too injured to fight recklessly!
You are too injured to fight recklessly!
You are too injured to fight recklessly!
You are too injured to fight recklessly!
You are too injured to fight recklessly!
The giant cockroach bites you but does no damage.
The giant cockroach attacks as you move away!
The giant cockroach bites you but does no damage.
You closely miss the giant cockroach.
The giant cockroach bites you but does no damage.
You block the giant cockroach's attack.
You hit the giant cockroach.
The giant cockroach is heavily wounded.
The giant cockroach closely misses you.
You barely miss the giant cockroach.
The giant cockroach is heavily wounded.
The giant cockroach closely misses you. You block the giant cockroach's attack.
You sock the giant cockroach!
You kill the giant cockroach!
You sock the worm!
The worm is severely wounded.
The worm bites you.
* * * LOW HITPOINT WARNING * * *
You barely miss the worm.
The worm is severely wounded.
You barely miss the worm.
The worm is severely wounded.
The worm bites you but does no damage.
You barely miss the worm.
The worm is severely wounded.
The worm bites you!
You die...

...!# ### #...#
.!..#...#
#...#...#
.=..<....
........#
........#######
#........w@...#
#..###.######.#
...# #. #.#
#... .. #.#
#..# ### #.#
#..# #.# #..#
#.###### #..#
#......# #..#
######.# #..#


You could see a worm.

Vanquished Creatures
  An adder (D:2)
  3 endoplasms
  2 giant cockroaches (D:2)
  A goblin (D:1)
  A hobgoblin (D:1)
  A kobold (D:1)
  A quokka (D:1)
  4 ball pythons
  2 frilled lizards
  3 rats
19 creatures vanquished.

Notes
Turn   | Place    | Note
-------+----------+-------------------------------------------
     0 | D:1      | wormed the Gargoyle Fighter began the quest for the Orb.
     0 | D:1      | Reached XP level 1. HP: 14/14 MP: 1/1
   383 | D:1      | Reached XP level 2. HP: 19/19 MP: 2/2
   827 | D:2      | Reached XP level 3. HP: 23/23 MP: 3/3
   964 | D:2      | Slain by a worm

Illustrated notes

Levels and vault maps discovered:
D:1:      erik_arrival_blinker_ship, layout_rooms
D:2:      layout_loops_ring, basic_altar, minivault_4, chequers_mini_garden,
          minmay_split_cup_large

Action                   || total
-------------------------++-------
Melee: Flail             ||    75
Armor: Scale mail        ||    37
Dodge: Dodged            ||    45
Block: Buckler           ||    14
